 Dungeon Crawl Stone Soup version 0.19.1 (webtiles) character file.

4902 JeffiDaFish the Blocker (level 10, -11/61 HPs)
             Began as a Gargoyle Fighter on Dec 3, 2016.
             Was a Believer of Makhleb.
             Mangled by an orc warlord
             ... wielding a +2 battleaxe of flaming
              (19 damage)
             ... on level 8 of the Dungeon.
             The game lasted 00:23:07 (6054 turns).

JeffiDaFish the Blocker (Gargoyle Fighter)          Turns: 6054, Time: 00:23:07

Health: -11/61     AC: 22    Str: 26    XL:     10   Next: 51%
Magic:  10/10      EV:  7    Int:  8    God:    Makhleb [**....]
Gold:   488        SH: 18    Dex: 12    Spells: 0 memorised, 9 levels left

rFire  . . .     SeeInvis .     n - +0 flail (crush)
rCold  . . .     Gourm    .     o - +0 chain mail
rNeg   + . .     Faith    .     u - +0 large shield
rPois  ∞         Spirit   .     p - +0 helmet
rElec  +         Reflect  .     (no cloak)
rCorr  +         Harm     .     e - +2 pair of gloves
MR     .....                    (no boots)
Stlth  ..........               x - amulet of regeneration
                                (no ring)
                                h - ring of resist corrosion

@: mighty
A: fangs 1, negative energy resistance 1, electricity resistance, unbreathing,
petrification resistance, rot immunity, AC +7
a: Minor Destruction, Renounce Religion


You were on level 8 of the Dungeon.
You worshipped Makhleb.
Makhleb was pleased with you.
You were full.

You visited 2 branches of the dungeon, and saw 9 of its levels.

You collected 488 gold pieces.

Inventory:

Hand Weapons
 n - a +0 flail of crushing (weapon)
Armour
 e - a +2 pair of gloves (worn)
 o - a +0 chain mail (worn)
 p - a +0 helmet (worn)
 u - a +0 large shield (worn)
Jewellery
 h - a ring of resist corrosion (left hand)
 x - an amulet of regeneration (around neck)
Wands
 t - a wand of teleportation (8/9)
Scrolls
 b - a scroll of teleportation
 c - a scroll of magic mapping
 g - 5 scrolls of identify
 j - 6 scrolls of remove curse
 v - a scroll of fog
Potions
 q - a potion of resistance
 s - 2 potions of curing
Books
 a - a book of Maledictions

   Spells                             Type                      Level
   a - Corona                         Hexes                        1
   b - Ensorcelled Hibernation        Hexes/Ice                    2
   c - Confuse                        Hexes                        3
   d - Tukima's Dance                 Hexes                        3
   e - Dazzling Spray                 Conjuration/Hexes            3
 k - a Young Poisoner's Handbook

   Spells                             Type                      Level
   a - Sting                          Conjuration/Poison           1
   b - Mephitic Cloud                 Conjuration/Poison/Air       3
   c - Olgreb's Toxic Radiance        Poison                       4
   d - Alistair's Intoxication        Transmutation/Poison         5
   e - Venom Bolt                     Conjuration/Poison           5
Comestibles
 f - 4 bread rations
 i - 7 fruits
 l - a slice of pizza
 r - a meat ration
 w - 9 chunks of flesh


   Skills:
 + Level 6.9 Fighting
 + Level 9.3 Maces & Flails
 + Level 6.7 Armour
 + Level 2.9 Dodging
 + Level 0.2 Stealth
 + Level 10.0 Shields


You had 9 spell levels left.
You didn't know any spells.

Dungeon Overview and Level Annotations

Branches:
Dungeon (8/15)             Temple (1/1) D:7
   Lair: D:8-11

Altars:
Ashenzari
Cheibriados
Dithmenos
Elyvilon
Fedhas
Gozag
Hepliaklqana
Kikubaaqudgha
Makhleb
Nemelex Xobeh
Qazlal
Ru
Sif Muna
Trog
Uskayaw
Vehumet
Xom
Yredelemnul
Zin
The Shining One


Innate Abilities, Weirdness & Mutations

You are resistant to torment.
Your stone body is resilient. (AC +7)
You are immune to poison.
You resist negative energy. (rN+)
You are resistant to electric shocks. (rElec)
You can survive without breathing.
You are immune to petrification.
You are immune to rotting.
You have very sharp teeth.


Message History

The orc warlord complains loudly.
The orc knight roars a battlecry!
The orc warlord goes into a battle-frenzy!
The orc warlord roars a battlecry!
The orc knight goes into a battle-frenzy!
You feel very mighty all of a sudden.
Some of the chunks of flesh in your inventory have rotted away.
You bludgeon the orc warlord!!
The orc warlord is moderately wounded.
You hear a shout!
The orc warlord hits you with a battleaxe of flaming!!!
Ouch! That really hurt!
The orc warlord burns you!
* * * LOW HITPOINT WARNING * * *
You hear a shout! x2
You barely miss the orc warlord.
The orc warlord is moderately wounded.
You block the orc knight's attack.
The orc warlord hits you with a battleaxe of flaming!!
You die...

≈≈≈≈≈≈≈≈≈≈≈≈≈....≈≈≈≈≈≈≈≈≈≈≈≈≈≈≈≈
≈≈≈≈≈≈≈≈≈≈≈≈≈....≈≈≈≈≈≈≈≈≈≈≈≈≈≈≈≈
#≈≈≈≈≈≈≈≈≈≈≈≈....≈≈≈≈≈≈≈≈≈≈≈≈####
#............................#oo.
#############''''#############...
# #....# #'## #....# ..#. #....#
#. # #)..@# ### #.
....#..oo#..o.. #.
#8..'...o'...o. #.
#8..'....'...o. #.
.....#8..8#.%... #.#.
################ #.#. # #'##
##############################...
#..................÷.........#oo.


You could see an orc warlord, an orc knight and an orc warrior.

Vanquished Creatures
  A hornet (D:8)
  Grinder (D:3)
  Eustachio (D:5)
  14 wargs (D:8)
  Duvessa (D:5)
  A black bear (D:6)
  3 orc warriors (D:8)
  An ogre (D:4)
  4 centaurs
  Blork the orc (D:5)
  3 bullfrogs
  Dowan (D:5)
  A wyvern skeleton (D:6)
  3 scorpions
  A water moccasin skeleton (D:6)
  4 howler monkeys
  3 crimson imps
  6 hounds
  10 orc wizards
  A quasit (D:8)
  3 orc priests
  A bullfrog skeleton (D:5)
  A jelly (D:6)
  Jessica (D:2)
  4 worker ants
  Terence (D:3)
  A killer bee zombie (D:6)
  A hound zombie (D:7)
  A hound skeleton (D:6)
  2 worker ant zombies
  3 gnolls (D:5)
  4 adders
  3 shadow imps
  An adder zombie (D:7)
  An ooze (D:2)
  11 dart slugs
  5 leopard geckos
  23 orcs
  6 giant cockroaches
  6 goblins
  8 hobgoblins
  7 jackals
  A quokka (D:5)
  6 bats
  4 frilled lizards
  A jackal skeleton (D:6)
  A jackal zombie (D:6)
  10 kobolds
  A quokka skeleton (D:7)
  A quokka zombie (D:7)
  4 rats
184 creatures vanquished.

Vanquished Creatures (others)
  A plant (D:8)
1 creature vanquished.

Grand Total: 185 creatures vanquished

Notes
Turn   | Place    | Note
-------+----------+-------------------------------------------
     0 | D:1      | JeffiDaFish the Gargoyle Fighter began the quest for the Orb.
     0 | D:1      | Reached XP level 1. HP: 14/14 MP: 1/1
   107 | D:1      | Reached XP level 2. HP: 19/19 MP: 2/2
   292 | D:1      | Gained mutation: You have a pair of small horns on your head. [potion of mutation]
   292 | D:1      | Gained mutation: You have very sharp teeth. [potion of mutation]
   292 | D:1      | Gained mutation: Your flesh is heat resistant. (rF+) [potion of mutation]
   338 | D:1      | Reached XP level 3. HP: 24/24 MP: 3/3
   567 | D:1      | Gained mutation: Your mind is acute. (Int +2) [potion of beneficial mutation]
   799 | D:2      | Lost mutation: Your flesh is heat resistant. (rF+) [potion of cure mutation]
   799 | D:2      | Lost mutation: You have a pair of small horns on your head. [potion of cure mutation]
   799 | D:2      | Lost mutation: Your mind is acute. (Int +2) [potion of cure mutation]
   944 | D:2      | Reached XP level 4. HP: 27/29 MP: 4/4
   996 | D:2      | Reached skill level 4 in Shields
  1041 | D:2      | Noticed Jessica
  1054 | D:2      | Killed Jessica
  1271 | D:2      | You fall through a shaft!
  1278 | D:3      | Reached XP level 5. HP: 26/34 MP: 5/5
  1332 | D:3      | Noticed Grinder
  1333 | D:3      | Found a white marble altar of Elyvilon.
  1336 | D:3      | Paralysed by Grinder for 2 turns
  1341 | D:3      | Killed Grinder
  1341 | D:3      | Reached skill level 1 in Dodging
  1341 | D:3      | Reached XP level 6. HP: 26/39 MP: 6/6
  1865 | D:3      | Noticed Terence
  1870 | D:3      | Killed Terence
  2232 | D:4      | Reached skill level 5 in Shields
  2232 | D:4      | Reached XP level 7. HP: 44/44 MP: 7/7
  2614 | D:4      | Found a stormy altar of Qazlal.
  2635 | D:4      | Found a shadowy altar of Dithmenos.
  2690 | D:5      | Entered Level 5 of the Dungeon
  2762 | D:5      | Noticed Eustachio
  2837 | D:5      | Killed Eustachio
  2837 | D:5      | Reached skill level 5 in Maces & Flails
  3020 | D:5      | Reached skill level 6 in Shields
  3020 | D:5      | Reached XP level 8. HP: 48/48 MP: 8/8
  3022 | D:5      | Noticed Duvessa
  3030 | D:5      | Noticed Blork the orc
  3045 | D:5      | Killed Duvessa
  3045 | D:5      | Reached skill level 5 in Fighting
  3048 | D:5      | Killed Blork the orc
  3048 | D:5      | Reached skill level 5 in Armour
  3066 | D:5      | Noticed Dowan
  3110 | D:5      | Killed Dowan
  3292 | D:5      | Found a deep blue altar of Sif Muna.
  3760 | D:6      | Reached skill level 7 in Shields
  3783 | D:6      | Reached XP level 9. HP: 50/55 MP: 9/9
  4486 | D:7      | Noticed a hand axe
  4487 | D:7      | Noticed a hand axe
  4489 | D:7      | Found a hide-covered altar of Uskayaw.
  4695 | D:7      | Found a staircase to the Ecumenical Temple.
  4714 | Temple   | Entered the Ecumenical Temple
  4880 | Temple   | Became a worshipper of Makhleb the Destroyer
  5129 | D:8      | Found a basalt altar of Yredelemnul.
  5187 | D:8      | Noticed a hornet
  5220 | D:8      | Reached skill level 8 in Shields
  5225 | D:8      | Killed a hornet
  5373 | D:8      | Reached skill level 9 in Shields
  5373 | D:8      | Reached XP level 10. HP: 49/61 MP: 10/10
  5374 | D:8      | Reached * piety under Makhleb
  5847 | D:8      | Found a bloodstained altar of Trog.
  6024 | D:8      | Reached ** piety under Makhleb
  6024 | D:8      | Reached skill level 10 in Shields
  6046 | D:8      | Noticed an orc warlord
  6046 | D:8      | Noticed an orc knight
  6054 | D:8      | Mangled by an orc warlord

Skill      XL: |  1  2  3  4  5  6  7  8  9 10 |
---------------+-------------------------------+-----
Fighting       | 4 5 6 |  6.9
Shields        | 4 5 6 7 9 10 | 10.0
Maces & Flails | 3 4 5 7 8 9 |  9.3
Dodging        | 1 2 |  2.9
Armour         | 4 5 6 |  6.7
Stealth        | |  0.2

Action                   |  1- 3 |  4- 6 |  7- 9 | 10-12 || total
-------------------------+-------+-------+-------+-------++-------
Melee: Flail             |   119 |   148 |   518 |   256 ||  1041
       Headbutt          |     8 |       |       |       ||     8
       Bite              |     7 |    14 |    61 |    27 ||   109
  Use: Scroll            |     4 |     3 |     4 |     1 ||    12
       Potion            |     5 |     2 |     5 |     2 ||    14
  Eat: Chunk             |       |    21 |    11 |       ||    32
Armor: Scale mail        |    68 |    70 |    11 |       ||   149
       Chain mail        |       |       |   273 |    93 ||   366
Dodge: Dodged            |    34 |    51 |   102 |    39 ||   226
Block: Shield            |    67 |    86 |   104 |       ||   257
       Large shield      |       |       |   293 |   225 ||   518
